 Dungeon Crawl Stone Soup version 0.29-a0-410-g9596d59a08 (webtiles) character file.

Game seed: 4010609705381502421

287 Ge0ff the Cudgeller (level 6, 0/38 HPs)
             Began as a Gargoyle Monk on May 14, 2022.
             Was a Believer of Okawaru.
             Slain by an adder (3 damage)
             ... on level 4 of the Dungeon.
             The game lasted 00:04:09 (2626 turns).

Ge0ff the Cudgeller (Gargoyle Monk)                 Turns: 2626, Time: 00:04:09

Health: 0/38       AC: 12    Str: 16      XL:     6   Next: 30%
Magic:  6/6        EV:  9    Int: 11      God:    Okawaru [**....]
Gold:   147        SH:  4    Dex: 11 (12) Spells: 5/5 levels left

rFire   . . .      SeeInvis .   a - +0 mace
rCold   . . .      Faith    .   t - +0 buckler
rNeg    + . .      Spirit   .   w - +1 scale mail
rPois   ∞          Reflect  .   (no helmet)
rElec   +          Harm     .   (no cloak)
rCorr   .          Rampage  .   (no gloves)
Will    .....                   y - +0 pair of boots
Stlth   ..........              (no amulet)
HPRegen 0.12/turn               q - +4 ring of slaying
MPRegen 0.10/turn               (no ring)

@: no status effects
A: sickness immunity, AC +4, negative energy resistance 1, electricity
resistance, torment resistance 1, petrification resistance, wild magic 1, no
potion heal 1, MP-powered wands
a: Renounce Religion, Heroism


You were on level 4 of the Dungeon.
You worshipped Okawaru.
Okawaru was pleased with you.
You visited 1 branch of the dungeon, and saw 4 of its levels.

You collected 147 gold pieces.

Inventory:

Hand Weapons
 a - a +0 mace (weapon)
 x - a +2 dagger of draining
Missiles
 s - 116 stones (quivered)
 E - 5 poisoned darts
Armour
 t - a +0 buckler (worn)
 w - a +1 scale mail (worn)
 y - a +0 pair of boots (worn)
Jewellery
 q - a +4 ring of slaying (left hand)
Scrolls
 n - a scroll of enchant armour
Potions
 o - a potion of ambrosia
 u - 2 potions of mutation {!q}


   Skills:
 - Level 4.0 Fighting
 + Level 5.2 Maces & Flails
 - Level 1.0 Armour
 - Level 2.4 Dodging
 - Level 2.1 Stealth
 + Level 3.8 Shields


You had 5 spell levels left.
You didn't know any spells.
Your spell library contained the following spells:

 Spells                   Type           Power      Damage    Failure   Level
 Airstrike                Air            0%         N/A       100%        4
 Lightning Bolt           Conj/Air       0%         1d11      100%        5
 Summon Lightning Spire   Summ/Air       Unusable   N/A       N/A         4

Dungeon Overview and Level Annotations

Branches:
Dungeon (4/15)
 Temple: D:4-7

Altars:
Okawaru


Innate Abilities, Weirdness & Mutations

You are immune to sickness and miasma.
Your stone body is resilient. (AC +4)
You are immune to poison.
You resist negative energy. (rN+)
You are resistant to electric shocks. (rElec)
You are resistant to unholy torment.
You are immune to petrification.
Your spells are a little harder to cast, but a little more powerful.
Potions are less effective at restoring your health.
You expend magic power (3 MP) to strengthen your wands.


Message History

The howler monkey hits you.
You hit the adder.
You kill the adder!
Okawaru accepts your kill. The worm bites you but does no damage.
You block the howler monkey's attack. The hobgoblin barely misses you.
You feel your dexterity returning.
You sock the endoplasm!
You kill the endoplasm!
Okawaru accepts your kill.
The howler monkey hoots and howls with incredible vigour!
The hobgoblin barely misses you. The worm bites you.
* * * LOW HITPOINT WARNING * * *
The howler monkey hits you but does no damage.
You sock the ball python!
You kill the ball python!
Okawaru accepts your kill.
The hobgoblin hits you but does no damage.
The howler monkey hits you but does no damage.
The worm closely misses you.
As you read the scroll labelled TIOTWICHUUXI, it crumbles to dust.
You feel strangely unstable.
It was a scroll of teleportation.
The ogre hits you with a +0 giant club.
* * * LOW HITPOINT WARNING * * *
The hobgoblin hits you but does no damage.
The howler monkey hits you but does no damage.
The hobgoblin barely misses you. You block the howler monkey's attack.
The ogre barely misses you. The worm barely misses you.
You block the howler monkey's attack.
The hobgoblin hits you but does no damage.
Your surroundings suddenly seem different.
An orc comes into view. It is wielding a +0 dagger.
Found a club.
The orc shouts!
You hear an angry hiss.
The orc hits you but does no damage. The orc hits you but does no damage.
The orc barely misses you. The orc hits you but does no damage.
An adder comes into view.
The adder hisses angrily.
The orc hits you but does no damage. The orc hits you but does no damage.
The orc hits you with a +0 dagger.
* * * LOW HITPOINT WARNING * * *
The adder bites you but does no damage.
You miss the adder. The orc hits you but does no damage.
The adder bites you but does no damage. You block the orc's attack.
The adder bites you but does no damage. The adder bites you.
You die...

.###.# #.# ##
##.# ### .#
#.. # # #.# .
#.. . #.# #
#.# . #@# #
#.....oS)...#
.
######........
# #.###.##.
#.# # #.# #.#
#.#


You could see an adder and an orc.

Vanquished Creatures
  Sigmund (D:2)
  A howler monkey (D:2)
  5 adders
  2 dart slugs (D:1)
  3 ball pythons
  5 endoplasms
  2 giant cockroaches
  8 goblins
  2 hobgoblins (D:2)
  4 quokkas
  2 bats
  2 frilled lizards
  7 kobolds
  8 rats
52 creatures vanquished.

Notes
Turn   | Place    | Note
-------+----------+-------------------------------------------
     0 | D:1      | Ge0ff the Gargoyle Monk began the quest for the Orb.
     0 | D:1      | Reached XP level 1. HP: 14/14 MP: 1/1
   189 | D:1      | You fall into a shaft and drop 1 floor!
   205 | D:2      | Reached XP level 2. HP: 19/19 MP: 2/2
   723 | D:1      | Reached XP level 3. HP: 23/23 MP: 3/3
   752 | D:1      | Reached skill level 1 in Armour
  1272 | D:2      | Reached skill level 4 in Maces & Flails
  1272 | D:2      | Reached skill level 1 in Shields
  1272 | D:2      | Reached XP level 4. HP: 23/29 MP: 4/4
  2015 | D:2      | Noticed Sigmund
  2027 | D:2      | Gained mutation: You expend magic power (3 MP) to
                  | strengthen your wands. [potion of mutation]
  2027 | D:2      | Gained mutation: Potions are less effective at restoring
                  | your health. [potion of mutation]
  2027 | D:2      | Gained mutation: Your spells are a little harder to cast,
                  | but a little more powerful. [potion of mutation]
  2039 | D:2      | Killed Sigmund
  2040 | D:2      | Reached skill level 5 in Maces & Flails
  2040 | D:2      | Reached XP level 5. HP: 4/33 MP: 5/5
  2040 | D:2      | Reached XP level 6. HP: 4/38 MP: 6/6
  2527 | D:3      | Found a faded altar of an unknown god.
  2532 | D:3      | Prayed at the altar of an unknown god.
  2532 | D:3      | Became a worshipper of Warmaster Okawaru
  2532 | D:3      | Reached * piety under Okawaru
  2532 | D:3      | Reached ** piety under Okawaru
  2626 | D:4      | Slain by an adder

Illustrated notes

Levels and vault maps discovered:
D:1:      dpeg_arrival_court, layout_loops_ring, patterned_corridor
D:2:      layout_basic, minmay_small_reverse_x, uniq_sigmund
D:3:      minmay_door_path, layout_loops_ring, lemuel_coloured_pillars_altar,
          shapermc_ecumenical_altar_acropolis
D:4:      layout_loops_ring, abandoned_shop

Skill      XL: |  1  2  3  4 |
---------------+-------------+-----
Armour         | 1 |  1.0
Maces & Flails | 4 5 |  5.2
Shields        | 1 3 |  3.8
Fighting       | 4 |  4.0
Dodging        | |  2.4
Stealth        | |  2.1

Action                   |  1- 3 |  4- 6 || total
-------------------------+-------+-------++-------
Melee: Mace              |    62 |    74 ||   136
Throw: Stone             |     1 |       ||     1
  Use: Potion            |       |     4 ||     4
       Scroll            |       |     6 ||     6
 Stab: Sleeping          |     4 |       ||     4
Armor: Leather armour    |    24 |     3 ||    27
       Scale mail        |       |    66 ||    66
Dodge: Dodged            |    39 |    48 ||    87
Block: Buckler           |     2 |    26 ||    28

Table legend: (Time is in decaauts)
 A = Elapsed time spent in this place.
 B = Non-inter-level travel time spent in this place.
 C = Inter-level travel time spent in this place.
 D = Time resting spent in this place.
 E = Time spent auto-exploring this place.
 F = Levels seen in this place.
 G = Mean time per level.
                   A        B        C        D        E       F      G
               +--------+--------+--------+--------+--------+-----+--------+
         Total |   2657 |   2556 |    101 |      4 |   1919 |   4 |  664.2 |
       Dungeon |   2657 |   2556 |    101 |      4 |   1919 |   4 |  664.2 |
               +--------+--------+--------+--------+--------+-----+--------+

Top non-repeatable levels by time:
     D:1: 1212 daAuts
     D:2: 1208 daAuts
     D:3: 151 daAuts
     D:4: 85 daAuts
